 Dungeon Crawl Stone Soup version 0.21.0-30-g47ce8e4 (webtiles) character file.

3567 tidbits the Summoner (level 10, -4/73 HPs)
             Began as a Gnoll Summoner on Jan 29, 2018.
             Was a Believer of Cheibriados.
             Splashed by a brown ugly thing's acid (8 damage)
             ... on level 11 of the Dungeon.
             The game lasted 00:35:05 (3060 turns).

tidbits the Summoner (Gnoll Summoner)               Turns: 3060, Time: 00:35:06

Health: -4/73      AC:  2    Str: 16    XL:     10   Next: 9%
Magic:  7/20       EV: 24    Int: 30    God:    Cheibriados [**....]
Gold:   438        SH:  0    Dex: 26    Spells: 1/23 levels left

rFire    + . .     SeeInvis +   a - +1 short sword (protect)
rCold    . . .     Gourm    .   (no shield)
rNeg     . . .     Faith    .   B - +0 robe {rF+}
rPois    .         Spirit   .   (no helmet)
rElec    .         Reflect  .   (no cloak)
rCorr    .         Harm     .   (no gloves)
MR       ++...     Rnd*Rage +   (no boots)
Stlth    +++++.....             (no amulet)
HPRegen  0.22/turn              I - ring of see invisible
MPRegen  0.17/turn              H - ring of the Mage {Wiz MR++ Int+3}

@: agile, studying Conjurations, very slow
A: distributed training, fangs 1, hooves 1, berserk 1, clever 1, sturdy frame 1,
strong nose
a: Bend Time, Renounce Religion


You were on level 11 of the Dungeon.
You worshipped Cheibriados.
Cheibriados was pleased with you.
You were not hungry.

You visited 1 branch of the dungeon, and saw 11 of its levels.

You collected 438 gold pieces.

Inventory:

Hand Weapons
 a - a +1 short sword of protection (weapon)
   (You found it on level 4 of the Dungeon)
 e - a +0 whip
 g - a +0 dagger
 l - a +0 long sword
 m - a +0 short sword
 p - a +0 shortbow
 x - a +0 trident
 A - a +0 arbalest
 C - a cursed +2 hand axe of freezing
   (You took it off a wight on level 6 of the Dungeon)
 G - a +2 trident
 J - a +3 flail
 X - a +2 war axe of venom
   (You took it off an orc on level 11 of the Dungeon)
Missiles
 q - 5 tomahawks (quivered)
 v - 53 arrows
Armour
 n - a +0 robe
 y - a +0 ring mail
 B - a +0 robe of fire resistance (worn)
   (You found it on level 6 of the Dungeon)
 K - a +0 robe of fire resistance
   (You took it off a wight on level 6 of the Dungeon)
 Q - a +0 leather armour
Magical Staves
 w - an uncursed staff of wizardry {!a}
   (You took it off an orc wizard on level 5 of the Dungeon)
Jewellery
 t - an uncursed ring of protection from magic
   (You found it on level 5 of the Dungeon)
 E - a +5 ring of strength
   (You found it on level 5 of the Dungeon)
 H - the ring of the Mage (right hand) {Wiz MR++ Int+3}
   (You found it on level 4 of the Dungeon)

   [ring of wizardry]

   It improves your spell success rate.
   It affects your intelligence (+3).
   It affects your resistance to hostile enchantments.
 I - a ring of see invisible (left hand)
   (You found it on level 1 of the Dungeon)
 L - an uncursed ring of protection from fire
   (You found it on level 7 of the Dungeon)
 S - an uncursed ring of protection from cold
   (You found it on level 8 of the Dungeon)
Wands
 d - a wand of digging (18)
 i - a wand of random effects (26)
 P - a wand of scattershot (5)
 R - a wand of enslavement (7)
 V - a wand of paralysis (12)
Scrolls
 f - a scroll of noise {unknown}
 h - 2 scrolls of teleportation
 j - a scroll of fear {unknown}
 k - 3 scrolls of immolation
 o - 4 scrolls of amnesia
 r - 2 scrolls of remove curse
 u - a scroll of enchant armour
 z - 3 scrolls of fog {unknown}
 F - a scroll of enchant weapon
 N - 2 scrolls of torment
 T - a scroll of holy word
Potions
 O - a potion of curing
Books
 b - a book of Callings

   Spells                             Type                      Level
   a - Summon Small Mammal            Summoning                    1
   b - Call Imp                       Summoning                    2
   c - Call Canine Familiar           Summoning                    3
   d - Summon Guardian Golem          Hexes/Summoning              3
   e - Summon Lightning Spire         Summoning/Air                4
   f - Summon Ice Beast               Ice/Summoning                4
 s - a book of Flames
   (You found it on level 5 of the Dungeon)

   Spells                             Type                      Level
   a - Flame Tongue                   Conjuration/Fire             1
   b - Throw Flame                    Conjuration/Fire             2
   c - Conjure Flame                  Conjuration/Fire             3
   d - Inner Flame                    Hexes/Fire                   3
   e - Sticky Flame                   Conjuration/Fire             4
   f - Fireball                       Conjuration/Fire             5
 D - a manual of Conjurations
   (You found it on level 5 of the Dungeon)
 M - a book of Debilitation
   (You found it on level 7 of the Dungeon)

   Spells                             Type                      Level
   a - Corona                         Hexes                        1
   b - Slow                           Hexes                        2
   c - Inner Flame                    Hexes/Fire                   3
   d - Portal Projectile              Hexes/Translocation          3
   e - Cause Fear                     Hexes                        4
   f - Leda's Liquefaction            Hexes/Earth                  4
Comestibles
 c - 12 rations


   Skills:
 + Level 4.8 Fighting
 + Level 4.8 Short Blades
 + Level 4.8 Long Blades
 + Level 4.8 Axes
 + Level 4.8 Maces & Flails
 + Level 4.8 Polearms
 + Level 4.8 Staves
 + Level 4.8 Slings
 + Level 4.8 Bows
 + Level 4.8 Crossbows
 + Level 4.8 Throwing
 + Level 4.8 Armour
 + Level 6.7 Dodging
 + Level 6.5 Stealth
 + Level 4.8 Shields
 + Level 4.8 Unarmed Combat
 + Level 7.0 Spellcasting
 + Level 5.2 Conjurations
 + Level 4.0 Hexes
 + Level 4.0 Charms
 + Level 8.2 Summonings
 + Level 4.0 Necromancy
 + Level 4.0 Translocations
 + Level 4.0 Transmutations
 + Level 4.0 Fire Magic
 + Level 4.0 Ice Magic
 + Level 4.0 Air Magic
 + Level 4.0 Earth Magic
 + Level 4.0 Poison Magic
 + Level 5.3 Invocations
 + Level 4.8 Evocations


You had one spell level left.
You knew the following spells:

 Your Spells              Type           Power        Failure   Level  Hunger
a - Summon Small Mammal   Summ           ####         1%          1    None
c - Conjure Flame         Conj/Fire      #####...     1%          3    None
f - Fireball              Conj/Fire      #####.....   8%          5    ####...
i - Call Imp              Summ           ######..     1%          2    None
t - Sticky Flame          Conj/Fire      #####...     2%          4    ##.....
z - Call Canine Familiar  Summ           ######..     1%          3    None
L - Summon Lightning Spi  Summ/Air       #####...     1%          4    ##.....


Dungeon Overview and Level Annotations

Branches:
Dungeon (11/15)            Temple (0/1) D:7             Orc (0/2) D:11
   Lair: D:8-11

Altars:
Cheibriados
Fedhas
Hepliaklqana
Kikubaaqudgha
Makhleb
Nemelex Xobeh
Trog
Xom
Yredelemnul


Innate Abilities, Weirdness & Mutations

Your experience applies equally to all skills.
You have very sharp teeth.
Your uncanny sense of smell can sniff out nearby items.
You have large cloven feet.
You tend to lose your temper in combat.
Your mind is acute. (Int +2)
Your movements are slightly less encumbered by armour. (ER -2)


Message History

Unknown command.
You feel much better.
You feel sick.
The shadow slips into darkness.
The shadow flickers and vanishes!
Unknown command.
Okay, then.
Put on which piece of jewellery? (? for menu, Esc to quit)
You're wearing all the rings you can.
Remove which one? (? for menu, Esc to cancel) < or
E - a +5 ring of strength > or
H - the ring of the Mage {Wiz MR++ Int+3} You remove your +5 ring of strength.
You feel weaker.
The shadow strikes at you from the darkness!
* * * LOW HITPOINT WARNING * * *
I - a ring of see invisible (left hand)
You closely miss the shadow. You bite the shadow, but do no damage.
The shadow is lightly damaged.
You feel sick.
Your lightning spire disappears in a puff of smoke!
The shadow slips into darkness.
The shadow flickers and vanishes for a moment.
The shadow hits you.
* * * LOW HITPOINT WARNING * * *
Casting: Sticky Flame
Confirm with . or Enter, or press ? or * to list all spells.
Aiming: Summon Lightning Spire
Press: ? - help, Dir - move target cursor, p - shadow An electric hum fills the air.
The shadow closely misses you.
You feel sick.
The shadow slips into darkness.
The shadow flickers and vanishes for a moment.
You feel sick. The shadow hits you!
* * * LOW HITPOINT WARNING * * *
Your lightning spire shoots out a bolt of lightning at the shadow!
The bolt of electricity hits the shadow. x2
The shadow is destroyed!
Cheibriados thoroughly appreciates the change of pace.
The bolt of electricity hits your lightning spire.
Your lightning spire completely resists.
Okay, then.
You feel sick.
You see here 5 tomahawks.
q - 8 tomahawks (gained 5)
You feel sick.
Your lightning spire disappears in a puff of smoke!
You feel sick.
Found a fizzy white potion. 2 kobolds and a big kobold come into view.
The big kobold shouts!
The kobold shouts! x2
Casting: Summon Lightning Spire
Confirm with . or Enter, or press ? or * to list all spells.
Aiming: Summon Lightning Spire
Press: ? - help, Dir - move target cursor An electric hum fills the air.
The kobold throws a stone.
The stone misses you.
Throwing (i - inventory):
q - 8 tomahawks (quivered)
Press: ? - help, Shift-Dir - straight line, f - big kobold
Aim: a big kobold, wielding a whip You throw a tomahawk.
The tomahawk hits the kobold.
You kill the kobold!
Cheibriados thoroughly appreciates the change of pace.
Your lightning spire shoots out a bolt of lightning at the big kobold!
The bolt of electricity hits the big kobold.
Throwing (i - inventory):
q - 7 tomahawks (quivered)
Press: ? - help, Shift-Dir - straight line, p - big kobold You throw a tomahawk.
The tomahawk barely misses the big kobold.
The tomahawk closely misses the kobold.
Your lightning spire shoots out a bolt of lightning at the big kobold!
The bolt of electricity hits the big kobold.
The bolt of electricity hits the kobold.
The kobold dies!
Cheibriados thoroughly appreciates the change of pace.
Cheibriados raises the support of your attributes as your movement slows.
Throwing (i - inventory):
q - 6 tomahawks (quivered)
Press: ? - help, Shift-Dir - straight line, f - big kobold
Aim: a big kobold, wielding a whip (severely wounded)
You throw a tomahawk. The tomahawk hits the big kobold.
The big kobold is almost dead.
You feel sick.
Your lightning spire shoots out a bolt of lightning at the big kobold!
The bolt of electricity hits the big kobold.
The big kobold dies!
Cheibriados thoroughly appreciates the change of pace.
A brown ugly thing comes into view.
Unknown command.
Your lightning spire shoots out a bolt of lightning at the brown ugly thing!
The bolt of electricity hits the brown ugly thing.
You feel sick.
Your lightning spire shoots out a bolt of lightning at the brown ugly thing!
The bolt of electricity hits the brown ugly thing.
You see here a ring mail.
You feel sick.
You are no longer poisoned.
There is a stone staircase leading up here.
You feel agile all of a sudden. The brown ugly thing bites you.
* * * LOW HITPOINT WARNING * * *
You are splashed with acid!
The acid burns!
You die...

##..########u
...(
##.....8..!..(
#...
###.......).(...
#.... .....(...#
#... ..##....#
#.... #....#
#....### #....#
##......###...##
>......@u.[...##
.........[[....#
####...........#
#...............
#<....>........#
#.............##
#............##
#..............#
#......)........#


You could see a brown ugly thing.

Vanquished Creatures
  An unseen horror (D:10)
  A sky beast (D:6)
  3 ogres
  4 bullfrogs
  2 scorpions
  A killer bee (D:5)
  A water moccasin skeleton (D:4)
  2 wights
  A howler monkey (D:8)
  2 hounds
  A jelly (D:10)
  A bullfrog skeleton (D:5)
  An iguana (D:8)
  A worker ant (D:8)
  A hound skeleton (D:6)
  2 adders
  A shadow imp (D:7)
  An adder zombie (D:7)
  A worm (D:6)
  3 dart slugs
  2 leopard geckos
  5 orcs
  A giant cockroach (D:7)
  4 jackals
  A quokka (D:8)
  A ball python (D:2)
  2 bats
  3 frilled lizards
  2 kobolds
  A leopard gecko skeleton (D:5)
  A quokka skeleton (D:5)
  4 rats
58 creatures vanquished.

Vanquished Creatures (collateral kills)
  The ghost of HEYYEYAAE the Spear-Bearer, a novice NaGl of Cheibriados (D:6)
  A shadow (D:11)
  A sky beast (D:5)
  2 orc warriors (D:5)
  3 ice beasts
  A necrophage (D:6)
  3 ogres
  A centaur (D:5)
  A big kobold (D:11)
  2 bullfrogs
  3 scorpions
  8 wights
  3 howler monkeys
  3 crimson imps
  2 jellies (D:5)
  3 orc priests
  A hound (D:5)
  10 orc wizards
  A bullfrog skeleton (D:5)
  3 iguanas (D:5)
  Natasha (thrice) (D:3)
  4 worker ants
  A killer bee zombie (D:5)
  4 adders
  An ooze (D:3)
  An adder zombie (D:5)
  2 adder skeletons
  A worm (D:3)
  4 leopard geckos
  13 orcs
  A giant cockroach (D:1)
  4 jackals
  5 kobolds
  2 quokkas
  2 ball pythons
  6 bats
  2 frilled lizards (D:3)
  4 goblins
  A leopard gecko zombie (D:5)
  A rat (D:1)
115 creatures vanquished.

Grand Total: 173 creatures vanquished

Notes
Turn   | Place    | Note
-------+----------+-------------------------------------------
     0 | D:1      | tidbits the Gnoll Summoner began the quest for the Orb.
     0 | D:1      | Reached XP level 1. HP: 13/13 MP: 6/6
   115 | D:1      | Reached XP level 2. HP: 14/19 MP: 7/7
   200 | D:2      | Learned a level 2 spell: Call Imp
   297 | D:3      | Noticed Natasha
   307 | D:3      | Killed Natasha
   307 | D:3      | Reached skill level 5 in Spellcasting
   307 | D:3      | Reached XP level 3. HP: 6/25 MP: 5/9
   349 | D:3      | Reached skill level 1 in Invocations
   414 | D:3      | Reached skill level 1 in Fighting
   414 | D:3      | Reached skill level 1 in Short Blades
   414 | D:3      | Reached skill level 1 in Long Blades
   414 | D:3      | Reached skill level 1 in Axes
   414 | D:3      | Reached skill level 1 in Maces & Flails
   414 | D:3      | Reached skill level 1 in Polearms
   414 | D:3      | Reached skill level 1 in Staves
   414 | D:3      | Reached skill level 1 in Slings
   414 | D:3      | Reached skill level 1 in Bows
   414 | D:3      | Reached skill level 1 in Crossbows
   414 | D:3      | Reached skill level 1 in Throwing
   414 | D:3      | Reached skill level 1 in Armour
   414 | D:3      | Reached skill level 1 in Shields
   414 | D:3      | Reached skill level 1 in Unarmed Combat
   414 | D:3      | Reached skill level 1 in Evocations
   420 | D:3      | Noticed Natasha
   435 | D:3      | Killed Natasha
   435 | D:3      | Reached XP level 4. HP: 10/32 MP: 1/11
   669 | D:3      | Noticed Natasha
   681 | D:3      | Killed Natasha
   681 | D:3      | Reached skill level 1 in Conjurations
   681 | D:3      | Reached skill level 1 in Hexes
   681 | D:3      | Reached skill level 1 in Charms
   681 | D:3      | Reached skill level 1 in Necromancy
   681 | D:3      | Reached skill level 1 in Translocations
   681 | D:3      | Reached skill level 1 in Transmutations
   681 | D:3      | Reached skill level 1 in Fire Magic
   681 | D:3      | Reached skill level 1 in Ice Magic
   681 | D:3      | Reached skill level 1 in Air Magic
   681 | D:3      | Reached skill level 1 in Earth Magic
   681 | D:3      | Reached skill level 1 in Poison Magic
   728 | D:4      | Noticed an ogre
   740 | D:4      | Noticed an ogre
   765 | D:4      | Gained mutation: Your movements are slightly less encumbered by armour. (ER -2) [potion of mutation]
   765 | D:4      | Gained mutation: You have large cloven feet. [potion of mutation]
   765 | D:4      | Gained mutation: You tend to lose your temper in combat. [potion of mutation]
   765 | D:4      | Gained mutation: Your mind is acute. (Int +2) [potion of mutation]
   771 | D:4      | Killed an ogre
   771 | D:4      | Reached XP level 5. HP: 35/37 MP: 3/12
   794 | D:4      | Learned a level 4 spell: Summon Lightning Spire
   809 | D:4      | Noticed an ogre
   824 | D:4      | Killed an ogre
   824 | D:4      | Reached skill level 2 in Invocations
   824 | D:4      | Reached XP level 6. HP: 44/44 MP: 0/13
   855 | D:4      | Found the ring of the Mage {Wiz MR++ Int+3}
   908 | D:3      | Found a burning altar of Makhleb.
   911 | D:3      | Found a hazy altar of Hepliaklqana.
  1015 | D:4      | Reached skill level 2 in Fighting
  1015 | D:4      | Reached skill level 2 in Short Blades
  1015 | D:4      | Reached skill level 2 in Long Blades
  1015 | D:4      | Reached skill level 2 in Axes
  1015 | D:4      | Reached skill level 2 in Maces & Flails
  1015 | D:4      | Reached skill level 2 in Polearms
  1015 | D:4      | Reached skill level 2 in Staves
  1015 | D:4      | Reached skill level 2 in Slings
  1015 | D:4      | Reached skill level 2 in Bows
  1015 | D:4      | Reached skill level 2 in Crossbows
  1015 | D:4      | Reached skill level 2 in Throwing
  1015 | D:4      | Reached skill level 2 in Armour
  1015 | D:4      | Reached skill level 5 in Dodging
  1015 | D:4      | Reached skill level 2 in Shields
  1015 | D:4      | Reached skill level 2 in Unarmed Combat
  1015 | D:4      | Reached skill level 2 in Evocations
  1017 | D:4      | Found a blossoming altar of Fedhas.
  1030 | D:5      | Entered Level 5 of the Dungeon
  1064 | D:5      | Noticed an orc warrior
  1073 | D:5      | Killed an orc warrior
  1073 | D:5      | Reached XP level 7. HP: 36/50 MP: 11/15
  1174 | D:5      | Reached skill level 2 in Conjurations
  1174 | D:5      | Reached skill level 2 in Hexes
  1174 | D:5      | Reached skill level 2 in Charms
  1174 | D:5      | Reached skill level 2 in Necromancy
  1174 | D:5      | Reached skill level 2 in Translocations
  1174 | D:5      | Reached skill level 2 in Transmutations
  1174 | D:5      | Reached skill level 2 in Fire Magic
  1174 | D:5      | Reached skill level 2 in Ice Magic
  1174 | D:5      | Reached skill level 2 in Air Magic
  1174 | D:5      | Reached skill level 2 in Earth Magic
  1174 | D:5      | Reached skill level 2 in Poison Magic
  1260 | D:5      | Reached skill level 5 in Stealth
  1301 | D:5      | Reached skill level 3 in Invocations
  1540 | D:5      | Reached XP level 8. HP: 57/57 MP: 5/16
  1628 | D:5      | Reached skill level 3 in Fighting
  1628 | D:5      | Reached skill level 3 in Short Blades
  1628 | D:5      | Reached skill level 3 in Long Blades
  1628 | D:5      | Reached skill level 3 in Axes
  1628 | D:5      | Reached skill level 3 in Maces & Flails
  1628 | D:5      | Reached skill level 3 in Polearms
  1628 | D:5      | Reached skill level 3 in Staves
  1628 | D:5      | Reached skill level 3 in Slings
  1628 | D:5      | Reached skill level 3 in Bows
  1628 | D:5      | Reached skill level 3 in Crossbows
  1628 | D:5      | Reached skill level 3 in Throwing
  1628 | D:5      | Reached skill level 3 in Armour
  1628 | D:5      | Reached skill level 3 in Shields
  1628 | D:5      | Reached skill level 3 in Unarmed Combat
  1628 | D:5      | Reached skill level 3 in Evocations
  1698 | D:5      | Learned a level 3 spell: Call Canine Familiar
  1776 | D:5      | Found a bloodstained altar of Trog.
  1791 | D:5      | Learned a level 3 spell: Conjure Flame
  1902 | D:5      | Reached skill level 6 in Spellcasting
  2020 | D:6      | Reached skill level 3 in Conjurations
  2045 | D:6      | Noticed HEYYEYAAE's ghost (novice NaGl)
  2058 | D:6      | Killed HEYYEYAAE's ghost
  2058 | D:6      | Reached skill level 3 in Hexes
  2058 | D:6      | Reached skill level 3 in Charms
  2058 | D:6      | Reached skill level 3 in Necromancy
  2058 | D:6      | Reached skill level 3 in Translocations
  2058 | D:6      | Reached skill level 3 in Transmutations
  2058 | D:6      | Reached skill level 3 in Fire Magic
  2058 | D:6      | Reached skill level 3 in Ice Magic
  2058 | D:6      | Reached skill level 3 in Air Magic
  2058 | D:6      | Reached skill level 3 in Earth Magic
  2058 | D:6      | Reached skill level 3 in Poison Magic
  2058 | D:6      | Reached skill level 4 in Invocations
  2063 | D:6      | Reached skill level 6 in Dodging
  2063 | D:6      | Reached XP level 9. HP: 35/65 MP: 5/18
  2116 | D:6      | Found a snail-covered altar of Cheibriados.
  2121 | D:6      | Found a shimmering altar of Xom.
  2121 | D:6      | Found a blossoming altar of Fedhas.
  2122 | D:6      | Found a basalt altar of Yredelemnul.
  2125 | D:6      | Became a worshipper of Cheibriados the Contemplative
  2173 | D:6      | Learned a level 4 spell: Sticky Flame
  2246 | D:7      | Found a staircase to the Ecumenical Temple.
  2278 | D:7      | Reached skill level 4 in Fighting
  2278 | D:7      | Reached skill level 4 in Short Blades
  2278 | D:7      | Reached skill level 4 in Long Blades
  2278 | D:7      | Reached skill level 4 in Axes
  2278 | D:7      | Reached skill level 4 in Maces & Flails
  2278 | D:7      | Reached skill level 4 in Polearms
  2278 | D:7      | Reached skill level 4 in Staves
  2278 | D:7      | Reached skill level 4 in Slings
  2278 | D:7      | Reached skill level 4 in Bows
  2278 | D:7      | Reached skill level 4 in Crossbows
  2278 | D:7      | Reached skill level 4 in Throwing
  2278 | D:7      | Reached skill level 4 in Armour
  2278 | D:7      | Reached skill level 4 in Shields
  2278 | D:7      | Reached skill level 4 in Unarmed Combat
  2278 | D:7      | Reached skill level 4 in Conjurations
  2278 | D:7      | Reached skill level 4 in Evocations
  2316 | D:7      | Reached * piety under Cheibriados
  2368 | D:7      | Reached skill level 6 in Stealth
  2368 | D:7      | Reached skill level 8 in Summonings
  2630 | D:8      | Found an ancient bone altar of Kikubaaqudgha.
  2888 | D:9      | Found a sparkling altar of Nemelex Xobeh.
  2938 | D:10     | Entered Level 10 of the Dungeon
  2946 | D:10     | Noticed an unseen horror
  2952 | D:10     | Killed an unseen horror
  2952 | D:10     | Reached ** piety under Cheibriados
  2952 | D:10     | Reached skill level 7 in Spellcasting
  2952 | D:10     | Reached skill level 5 in Conjurations
  2952 | D:10     | Reached skill level 5 in Invocations
  2952 | D:10     | Reached XP level 10. HP: 46/73 MP: 4/20
  3004 | D:10     | Learned a level 5 spell: Fireball
  3016 | D:11     | Found a staircase to the Orcish Mines.
  3026 | D:11     | Reached skill level 4 in Hexes
  3026 | D:11     | Reached skill level 4 in Charms
  3026 | D:11     | Reached skill level 4 in Necromancy
  3026 | D:11     | Reached skill level 4 in Translocations
  3026 | D:11     | Reached skill level 4 in Transmutations
  3026 | D:11     | Reached skill level 4 in Fire Magic
  3026 | D:11     | Reached skill level 4 in Ice Magic
  3026 | D:11     | Reached skill level 4 in Air Magic
  3026 | D:11     | Reached skill level 4 in Earth Magic
  3026 | D:11     | Reached skill level 4 in Poison Magic
  3037 | D:11     | HP: 5/73 [shadow (10)]
  3043 | D:11     | HP: 5/73 [poisoned by an orc]
  3051 | D:11     | HP: 6/73 [poisoned by an orc]
  3052 | D:11     | Noticed a brown ugly thing
  3059 | D:11     | HP: 6/73 [poisoned by an orc]
  3060 | D:11     | Splashed by a brown ugly thing's acid

Skill      XL: |  1  2  3  4  5  6  7  8  9 10 |
---------------+-------------------------------+-----
Spellcasting   | 5 6 7 |  7.0
Invocations    | 1 2 3 4 5 |  5.3
Fighting       | 1 2 3 4 |  4.8
Short Blades   | 1 2 3 4 |  4.8
Long Blades    | 1 2 3 4 |  4.8
Axes           | 1 2 3 4 |  4.8
Maces & Flails | 1 2 3 4 |  4.8
Polearms       | 1 2 3 4 |  4.8
Staves         | 1 2 3 4 |  4.8
Slings         | 1 2 3 4 |  4.8
Bows           | 1 2 3 4 |  4.8
Crossbows      | 1 2 3 4 |  4.8
Throwing       | 1 2 3 4 |  4.8
Armour         | 1 2 3 4 |  4.8
Shields        | 1 2 3 4 |  4.8
Unarmed Combat | 1 2 3 4 |  4.8
Evocations     | 1 2 3 4 |  4.8
Conjurations   | 1 2 3 5 |  5.2
Hexes          | 1 2 3 4 |  4.0
Charms         | 1 2 3 4 |  4.0
Necromancy     | 1 2 3 4 |  4.0
Translocations | 1 2 3 4 |  4.0
Transmutations | 1 2 3 4 |  4.0
Fire Magic     | 1 2 3 4 |  4.0
Ice Magic      | 1 2 3 4 |  4.0
Air Magic      | 1 2 3 4 |  4.0
Earth Magic    | 1 2 3 4 |  4.0
Poison Magic   | 1 2 3 4 |  4.0
Dodging        | 5 6 |  6.7
Stealth        | 5 6 |  6.5
Summonings     | 8 |  8.2

Action                   |  1- 3 |  4- 6 |  7- 9 | 10-12 || total
-------------------------+-------+-------+-------+-------++-------
Melee: Dagger            |    27 |    18 |       |       ||    45
       Whip              |     6 |       |       |       ||     6
       Bite              |       |     1 |    17 |     2 ||    20
       Short sword       |       |    13 |   104 |     8 ||   125
       Kick              |       |     1 |    24 |     4 ||    29
       Punch             |       |       |     1 |       ||     1
Throw: Tomahawk          |       |    10 |    20 |     3 ||    33
       Stone             |       |     1 |       |       ||     1
 Cast: Summon Small Mamm |    32 |    12 |       |       ||    44
       Call Imp          |     4 |     7 |     3 |       ||    14
       Summon Lightning  |       |     6 |    29 |     4 ||    39
       Call Canine Famil |       |       |     7 |       ||     7
       Conjure Flame     |       |       |     1 |       ||     1
       Sticky Flame      |       |       |    21 |     1 ||    22
Evoke: Wand              |       |       |     2 |       ||     2
  Use: Potion            |     2 |     2 |     3 |     2 ||     9
       Scroll            |       |     7 |     9 |       ||    16
 Stab: Sleeping          |     1 |     9 |     7 |       ||    17
       Distracted        |       |     1 |     1 |       ||     2
  Eat: Chunk             |       |     1 |     3 |       ||     4
       Ration            |       |       |     2 |     1 ||     3
Armor: Robe              |     9 |     7 |    13 |       ||    29
       Ring mail         |       |       |    11 |       ||    11
Dodge: Dodged            |    34 |    26 |   114 |    12 ||   186

Table legend:
 A = Turns spent in this place as a percentage of turns spent in the entire game.
 B = Non-inter-level travel turns spent in this place as a percentage of non-inter-level travel turns spent in the entire game.
 C = Inter-level travel turns spent in this place as a percentage of turns spent in this place.
 D = Turns resting spent in this place as a percentage of non-inter-level travel turns spent in this place.
 E = Turns spent auto-exploring this place as a percentage of non-inter-level travel turns spent in this place.
 F = Non-inter-level travel turns spent in this place divided by the number of levels of this place that you've seen.
                   A       B       C       D       E      F
               +-------+-------+-------+-------+-------+----------------------
         Total | 100.0 | 100.0 |   4.0 |   0.0 |   0.0 | 267.0
       Dungeon | 100.0 | 100.0 |   4.0 |   0.0 |   0.0 | 267.0
               +-------+-------+-------+-------+-------+----------------------

Table legend:
 A = Kills in this place as a percentage of kills in entire the game.
 B = Kills by you in this place as a percentage of kills by you in the entire game.
 C = Kills by friends in this place as a percentage of kills by friends in the entire game.
 D = Other kills in this place as a percentage of other kills in the entire game.
 E = Experience gained in this place as a percentage of experience gained in the entire game.
 F = Experience gained in this place divided by the number of levels of this place that you have seen.
                   A       B       C       D       E      F
               +-------+-------+-------+-------+-------+----------------------
         Total | 100.0 | 100.0 | 100.0 |   N/A | 100.0 | 463.3
       Dungeon | 100.0 | 100.0 | 100.0 |   N/A | 100.0 | 463.3
               +-------+-------+-------+-------+-------+----------------------

Vault maps used:
D:1:      dpeg_arrival_shrine
D:2:      first_ration
D:3:      chequers_temple_overflow_statue_of_worship, uniq_natasha
D:4:      minmay_misc_feat_doors, fedhas_bush_and_centaur_altar
D:5:      kennysheep_windowed_halls, nicolae_overflow_hidden_temple
D:6:      grunt_temple_overflow_open
D:7:      nicolae_ru_path_of_blood, minmay_temple_entry_mist
D:8:      black_bear_nest_2, lemuel_round_altar
D:9:      kennysheep_mini_moat, nemelex_xobeh_ov_fountains_minmay,
          david_lair_generic
D:11:     orc_0_dummy, feat_on_display
